 Dungeon Crawl Stone Soup version 0.29-a0-121-g8efb068a30 (webtiles) character file.

Game seed: 13401224324650092933

90 Gargoyl the Skirmisher (level 4, 0/29 HPs)
             Began as a Gargoyle Abyssal Knight on Feb 20, 2022.
             Was a Follower of Lugonu.
             Slain by Sigmund (1 damage)
             ... on level 2 of the Dungeon.
             The game lasted 00:01:36 (1732 turns).

Gargoyl the Skirmisher (Gargoyle Abyssal Knight)    Turns: 1732, Time: 00:01:37

Health: 0/29       AC: 13    Str: 19    XL:     4   Next: 56%
Magic:  5/5        EV:  9    Int: 10    God:    Lugonu [*.....]
Gold:   67         SH:  0    Dex: 10    Spells: 3/3 levels left

rFire   + . .      SeeInvis .   a - +1 hand axe
rCold   . . .      Faith    .   (no shield)
rNeg    + . .      Spirit   .   h - +2 scale mail {rF+}
rPois   ∞          Reflect  +   d - +0 helmet
rElec   +          Harm     .   (no cloak)
rCorr   .          Rampage  .   (no gloves)
Will    .....                   (no boots)
Stlth   ..........              f - amulet of reflection
HPRegen 0.09/turn               (no ring)
MPRegen 0.09/turn               (no ring)

@: confused, hasted, very quick
A: sickness immunity, AC +3, negative energy resistance 1, electricity
resistance, torment resistance 1, petrification resistance
a: Renounce Religion, Depart the Abyss


You were on level 2 of the Dungeon.
You worshipped Lugonu.
Lugonu was aware of your devotion.
You visited 1 branch of the dungeon, and saw 2 of its levels.
You visited the Abyss 1 time.

You collected 67 gold pieces.

Inventory:

Hand Weapons
 a - a +1 hand axe (weapon)
Armour
 d - a +0 helmet (worn)
 h - a +2 scale mail of fire resistance (worn)
Jewellery
 f - an amulet of reflection (around neck)
Scrolls
 b - a scroll of identify
 j - a scroll of immolation {unknown}
Potions
 c - a potion of curing
 g - a potion of ambrosia {unknown}
 i - a potion of attraction {unknown}


   Skills:
 + Level 4.1 Fighting
 + Level 3.0 Axes
 + Level 3.1 Armour
 + Level 1.0 Dodging
 + Level 0.2 Shields
 + Level 2.0 Invocations


You had 3 spell levels left.
You didn't know any spells.
Your spell library was empty.

Dungeon Overview and Level Annotations

Branches:
Dungeon (2/15)

Altars:

Annotations:
D:2 Sigmund


Innate Abilities, Weirdness & Mutations

You are immune to sickness and miasma.
Your stone body is resilient. (AC +3)
You are immune to poison.
You resist negative energy. (rN+)
You are resistant to electric shocks. (rElec)
You are resistant to unholy torment.
You are immune to petrification.


Message History

Unknown command.
Unknown command.
An adder comes into view.
The adder hisses angrily.
An adder is nearby!
An adder is nearby!
The adder barely misses you.
You slash the adder!
The adder is severely wounded.
The adder closely misses you. The adder bites you.
You hit the adder.
You kill the adder!
Lugonu accepts your kill.
Your Axes skill increases to level 3!
Unknown command.
Unknown command.
Sigmund the Dreaded comes into view.
He is wielding a +4 vorpal scythe.
Sigmund is nearby!
Sigmund is nearby!
Okay, then.
Sigmund hits you with a +4 vorpal scythe.
You closely miss Sigmund.
Sigmund hits you with a +4 vorpal scythe.
You hit Sigmund.
Sigmund is lightly wounded.
Sigmund gestures at you while chanting.
You are confused.
You barely miss Sigmund.
Sigmund is lightly wounded.
Sigmund hits you but does no damage.
You bump into the rock wall.
You hit Sigmund.
Sigmund is lightly wounded.
Sigmund hits you with a +4 vorpal scythe!
* * * LOW HITPOINT WARNING * * *
Unknown command.
It was a potion of haste.
You feel yourself speed up.
Sigmund hits you with a +4 vorpal scythe!
* * * LOW HITPOINT WARNING * * *
You die...

#.# #.#
###.# #...#
#.### #.#
#.#
#.#########
#..@@......
###########


You could see Sigmund.

Vanquished Creatures
  Terence (D:2)
  2 adders (D:2)
  2 worms (D:2)
  2 dart slugs
  3 endoplasms
  A hobgoblin (D:1)
  4 jackals (D:1)
  2 quokkas (D:1)
  3 ball pythons
  4 bats
  A goblin (D:2)
  2 kobolds (D:1)
  3 rats (D:1)
30 creatures vanquished.

Vanquished Creatures (collateral kills)
  An adder (D:2)
1 creature vanquished.

Grand Total: 31 creatures vanquished

Notes
Turn   | Place    | Note
-------+----------+-------------------------------------------
     0 | Abyss:1  | Gargoyl the Gargoyle Abyssal Knight began the quest for the
                  | Orb.
     0 | Abyss:1  | Reached XP level 1. HP: 14/14 MP: 2/2
    38 | Abyss:1  | Found a stormy altar of Qazlal.
    39 | D:1      | Escaped the Abyss
   417 | D:1      | Reached XP level 2. HP: 19/19 MP: 3/3
   591 | D:1      | Reached * piety under Lugonu
  1149 | D:2      | Reached skill level 1 in Dodging
  1149 | D:2      | Reached XP level 3. HP: 21/24 MP: 4/4
  1195 | D:2      | Reached skill level 4 in Fighting
  1199 | D:2      | Found a faded altar of an unknown god.
  1516 | D:2      | Noticed Terence
  1528 | D:2      | Killed Terence
  1529 | D:2      | Reached XP level 4. HP: 18/29 MP: 5/5
  1723 | D:2      | Noticed Sigmund
  1732 | D:2      | HP: 1/29 [Sigmund (7)]
  1732 | D:2      | Slain by Sigmund

Illustrated notes

Levels and vault maps discovered:
D:1:      saegor_arrival_fortress, layout_basic, minmay_misc_feat_rows
D:2:      layout_basic, chequers_ecumenical_altar_island, uniq_terence,
          uniq_sigmund

Skill      XL: |  1  2  3  4 |
---------------+-------------+-----
Axes           | 2 3 |  3.0
Dodging        | 1 |  1.0
Fighting       | 4 |  4.1
Armour         | 3 |  3.1
Shields        | |  0.2
Invocations    | |  2.0

Action                   |  1- 3 |  4- 6 || total
-------------------------+-------+-------++-------
Melee: Hand axe          |    87 |    12 ||    99
       Punch             |     1 |       ||     1
Invok: Depart the Abyss  |     1 |       ||     1
  Use: Scroll            |     2 |       ||     2
       Potion            |       |     1 ||     1
Armor: Leather armour    |    27 |       ||    27
       Ring mail         |    21 |       ||    21
       Scale mail        |       |     3 ||     3
Dodge: Dodged            |    57 |     5 ||    62
Block: Other             |    24 |     1 ||    25

Table legend: (Time is in decaauts)
 A = Elapsed time spent in this place.
 B = Non-inter-level travel time spent in this place.
 C = Inter-level travel time spent in this place.
 D = Time resting spent in this place.
 E = Time spent auto-exploring this place.
 F = Levels seen in this place.
 G = Mean time per level.
                   A        B        C        D        E       F      G
               +--------+--------+--------+--------+--------+-----+--------+
         Total |   1757 |   1681 |     76 |      0 |   1322 |   3 |  585.7 |
       Dungeon |   1718 |   1642 |     76 |      0 |   1284 |   2 |  859.0 |
         Abyss |     39 |     39 |      0 |      0 |     38 |   1 |   39.0 |
               +--------+--------+--------+--------+--------+-----+--------+

Top non-repeatable levels by time:
     D:1: 1109 daAuts
     D:2: 609 daAuts
 Abyss:1: 39 daAuts
